TOP OF THE 1ST |
Bismark Border Guards batting - Pitching for Red Deer Wranglers : RHP Paul Barton
|
Pitching: RHP Paul Barton
|
|
Batting: LHB Juan Viera
|
0-0: Ball 1-0: Swinging Strike 1-1: Foul Ball, location: 2F 1-2: Ball 2-2: Strikes out swinging
|
Batting: RHB José Gómez
|
0-0: Swinging Strike 0-1: Fly out, F5 (Popup, 25F)
|
Batting: LHB Jim Jensen
|
0-0: Ball 1-0: Called Strike 1-1: Ball 2-1: Ball 3-1: Base on Balls
|
Batting: RHB Carlos MacKinney
|
0-0: Ball 1-0: Foul Ball, location: 2F 1-1: Foul Ball, location: 2F 1-2: Ball 2-2: DOUBLE (Line Drive, 78D) Jim Jensen to third
|
Batting: RHB Mike Wright
|
0-0: Ball 1-0: Ball 2-0: Fly out, F7 (Flyball, 7LM)
|
Top of the 1st over - 0 run(s), 1 hit(s), 0 error(s), 2 left on base; Bismark 0 - Red Deer 0 |
BOTTOM OF THE 1ST |
Red Deer Wranglers batting - Pitching for Bismark Border Guards : RHP Jaime Espinoza
|
Pitching: RHP Jaime Espinoza
|
|
Batting: LHB Enrico Vargas
|
0-0: Foul Ball, location: 2F 0-1: Ball 1-1: SOLO HOME RUN (Flyball, 9D), Distance : 348 ft
|
Batting: RHB Oliver Harris
|
0-0: Ball 1-0: Ball 2-0: Foul Ball, location: 2F 2-1: SINGLE (Line Drive, 89S)
|
Batting: RHB Ignacio Flores
|
0-0: Grounds into double play, 6-4-3 (Groundball, 56)
|
Batting: RHB Orlando Núñes
|
0-0: Called Strike 0-1: Ground out 6-3 (Groundball, 6S)
|
Bottom of the 1st over - 1 run(s), 2 hit(s), 0 error(s), 0 left on base; Bismark 0 - Red Deer 1 |
TOP OF THE 2ND |
Bismark Border Guards batting - Pitching for Red Deer Wranglers : RHP Paul Barton
|
Batting: LHB Nelson Peña
|
0-0: Called Strike 0-1: Swinging Strike 0-2: Ball 1-2: Foul Ball, location: 2F 1-2: Ball 2-2: Ground out 4-3 (Groundball, 4)
|
Batting: RHB José Cintrón
|
0-0: Fly out, F8 (Flyball, 8LD)
|
Batting: RHB Enrico Rodríguez
|
0-0: Called Strike 0-1: Swinging Strike 0-2: Ball 1-2: Strikes out looking
|
Top of the 2nd over - 0 run(s), 0 hit(s), 0 error(s), 0 left on base; Bismark 0 - Red Deer 1 |
BOTTOM OF THE 2ND |
Red Deer Wranglers batting - Pitching for Bismark Border Guards : RHP Jaime Espinoza
|
Batting: SHB José López
|
0-0: Called Strike 0-1: Ground out U3 (Groundball, 3)
|
Batting: LHB Del Kennedy
|
0-0: Ball 1-0: Foul Ball, location: 2F 1-1: Foul Ball, location: 2F 1-2: SINGLE (Line Drive, 34D)
|
Batting: LHB Jorge Olvera
|
0-0: Foul Ball, location: 2F 0-1: Ball 1-1: Ball 2-1: Fly out, F7 (Line Drive, 78M)
|
Batting: LHB Ron Mayes
|
0-0: Ball 1-0: Ball 2-0: Called Strike 2-1: Fly out, F7 (Flyball, 7M)
|
Bottom of the 2nd over - 0 run(s), 1 hit(s), 0 error(s), 1 left on base; Bismark 0 - Red Deer 1 |
TOP OF THE 3RD |
Bismark Border Guards batting - Pitching for Red Deer Wranglers : RHP Paul Barton
|
Batting: RHB Brennan Yates
|
0-0: Ball 1-0: Foul Ball, location: 2F 1-1: Reached on error, E5 (Groundball, 5)
|
Batting: LHB Juan Viera
|
0-0: Ball 1-0: Ball 2-0: Ground out 3-1 (Groundball, 34) Brennan Yates to third
|
Batting: RHB José Gómez
|
0-0: Called Strike 0-1: Ball 1-1: Ball 2-1: SINGLE (Line Drive, 89S) Brennan Yates scores
|
Batting: LHB Jim Jensen
|
0-0: Fly out, F7 (Flyball, 7LM)
|
Batting: RHB Carlos MacKinney
|
0-0: Ball 1-0: Called Strike 1-1: Ball 2-1: Swinging Strike 2-2: Foul Ball, location: 2F 2-2: Strikes out looking
|
Top of the 3rd over - 1 run(s), 1 hit(s), 1 error(s), 1 left on base; Bismark 1 - Red Deer 1 |
BOTTOM OF THE 3RD |
Red Deer Wranglers batting - Pitching for Bismark Border Guards : RHP Jaime Espinoza
|
Batting: RHB John McDonald
|
0-0: Called Strike 0-1: Foul Ball, location: 2F 0-2: Ball 1-2: Strikes out looking
|
Batting: LHB Enrico Vargas
|
0-0: Fly out, F8 (Flyball, 8LS)
|
Batting: RHB Oliver Harris
|
0-0: Fly out, F8 (Line Drive, 8RM)
|
Bottom of the 3rd over - 0 run(s), 0 hit(s), 0 error(s), 0 left on base; Bismark 1 - Red Deer 1 |
TOP OF THE 4TH |
Bismark Border Guards batting - Pitching for Red Deer Wranglers : RHP Paul Barton
|
Batting: RHB Mike Wright
|
0-0: Ball 1-0: Called Strike 1-1: Fly out, F3 (Popup, 3F)
|
Batting: LHB Nelson Peña
|
0-0: Ball 1-0: Ball 2-0: Foul Ball, location: 2F 2-1: Called Strike 2-2: Strikes out looking
|
Batting: RHB José Cintrón
|
0-0: Ball 1-0: Foul Ball, location: 2F 1-1: SINGLE (Groundball, 6D)
|
Batting: RHB Enrico Rodríguez
|
0-0: Called Strike 0-1: Fly out, F7 (Flyball, 78XD)
|
Top of the 4th over - 0 run(s), 1 hit(s), 0 error(s), 1 left on base; Bismark 1 - Red Deer 1 |
BOTTOM OF THE 4TH |
Red Deer Wranglers batting - Pitching for Bismark Border Guards : RHP Jaime Espinoza
|
Batting: RHB Ignacio Flores
|
0-0: Ball 1-0: Called Strike 1-1: Foul Ball, location: 2F 1-2: Strikes out swinging
|
Batting: RHB Orlando Núñes
|
0-0: Ball 1-0: Fly out, F1 (Line Drive, 15)
|
Batting: SHB José López
|
0-0: Ball 1-0: Ball 2-0: Called Strike 2-1: DOUBLE (Line Drive, 3D)
|
Batting: LHB Del Kennedy
|
0-0: Called Strike 0-1: Fly out, F9 (Flyball, 89S)
|
Bottom of the 4th over - 0 run(s), 1 hit(s), 0 error(s), 1 left on base; Bismark 1 - Red Deer 1 |
TOP OF THE 5TH |
Bismark Border Guards batting - Pitching for Red Deer Wranglers : RHP Paul Barton
|
Batting: RHB Brennan Yates
|
0-0: Ball 1-0: Foul Ball, location: 2F 1-1: Ground out 1-3 (Groundball, 15)
|
Batting: LHB Juan Viera
|
0-0: Called Strike 0-1: Hit by Pitch
|
Batting: RHB José Gómez
|
0-0: Ball 1-0: Grounds into double play, 6-4-3 (Groundball, 6)
|
Top of the 5th over - 0 run(s), 0 hit(s), 0 error(s), 0 left on base; Bismark 1 - Red Deer 1 |
BOTTOM OF THE 5TH |
Red Deer Wranglers batting - Pitching for Bismark Border Guards : RHP Jaime Espinoza
|
Batting: LHB Jorge Olvera
|
0-0: Ball 1-0: Foul Ball, location: 2F 1-1: Foul Ball, location: 2F 1-2: Ball 2-2: Ground out 6-3 (Groundball, 6)
|
Batting: LHB Ron Mayes
|
0-0: Called Strike 0-1: Swinging Strike 0-2: Foul Ball, location: 2F 0-2: Ball 1-2: Ball 2-2: Hit by Pitch
|
Batting: RHB John McDonald
|
0-0: Foul Ball, location: 2F 0-1: Ball 1-1: Foul Ball, location: 2F 1-2: Fly out, F9 (Flyball, 9LSF)
|
Batting: LHB Enrico Vargas
|
0-0: Ball 1-0: Ground out 4-3 (Groundball, 34)
|
Bottom of the 5th over - 0 run(s), 0 hit(s), 0 error(s), 1 left on base; Bismark 1 - Red Deer 1 |
TOP OF THE 6TH |
Bismark Border Guards batting - Pitching for Red Deer Wranglers : RHP Paul Barton
|
Batting: LHB Jim Jensen
|
0-0: Called Strike 0-1: Ball 1-1: Ball 2-1: Foul Ball, location: 2F 2-2: Strikes out swinging
|
Batting: RHB Carlos MacKinney
|
0-0: Called Strike 0-1: Ball 1-1: Foul Ball, location: 2F 1-2: Ground out 5-3 (Groundball, 56)
|
Batting: RHB Mike Wright
|
0-0: Foul Ball, location: 2F 0-1: Called Strike 0-2: Ball 1-2: Ball 2-2: Strikes out swinging
|
Top of the 6th over - 0 run(s), 0 hit(s), 0 error(s), 0 left on base; Bismark 1 - Red Deer 1 |
BOTTOM OF THE 6TH |
Red Deer Wranglers batting - Pitching for Bismark Border Guards : RHP Jaime Espinoza
|
Batting: RHB Oliver Harris
|
0-0: Ball 1-0: Foul Ball, location: 2F 1-1: Ball 2-1: Fly out, F7 (Line Drive, 7S)
|
Batting: RHB Ignacio Flores
|
0-0: Swinging Strike 0-1: Ground out 6-3 (Groundball, 6)
|
Batting: RHB Orlando Núñes
|
0-0: Ball 1-0: Foul Ball, location: 2F 1-1: Ball 2-1: Ball 3-1: SINGLE (Line Drive, 4MD)
|
Batting: SHB José López
|
0-0: Called Strike Orlando Núñes steals 2nd base 0-1: Swinging Strike 0-2: Ball 1-2: Ground out 3-6 (Groundball, 3)
|
Bottom of the 6th over - 0 run(s), 1 hit(s), 0 error(s), 1 left on base; Bismark 1 - Red Deer 1 |
TOP OF THE 7TH |
Bismark Border Guards batting - Pitching for Red Deer Wranglers : RHP Paul Barton
|
Batting: LHB Nelson Peña
|
0-0: Ball 1-0: Foul Ball, location: 2F 1-1: Foul Ball, location: 2F 1-2: Ball 2-2: Foul Ball, location: 2F 2-2: Foul Ball, location: 2F 2-2: Ball 3-2: Base on Balls
|
Pitching: RHP Esteban Castro
|
|
Batting: RHB José Cintrón
|
0-0: Ball 1-0: Sac Bunt - play at first, batter OUT! 2-4 Nelson Peña to second
|
Pinch Hitting: LHB Colin Ives
|
0-0: Intentional Walk
|
Pinch Hitting: LHB Tom Baker
|
0-0: SINGLE (Flyball, 7LM) Nelson Peña to third Colin Ives to second
|
Batting: LHB Juan Viera
|
0-0: Called Strike 0-1: Fielders Choice at 2nd, 4-6 (Groundball, 34) Nelson Peña scores Colin Ives to third
|
Batting: RHB José Gómez
|
0-0: Ball 1-0: Foul Ball, location: 2F 1-1: Ground out 5-3 (Groundball, 56)
|
Top of the 7th over - 1 run(s), 1 hit(s), 0 error(s), 2 left on base; Bismark 2 - Red Deer 1 |
BOTTOM OF THE 7TH |
Red Deer Wranglers batting - Pitching for Bismark Border Guards : RHP Jaime Espinoza
|
Now at 3B: Aaron Holt
|
|
Now at SS: Dani Rodríguez
|
|
Batting: LHB Del Kennedy
|
0-0: Called Strike 0-1: Ball 1-1: Foul Ball, location: 2F 1-2: Foul Ball, location: 2F 1-2: Ball 2-2: Foul Ball, location: 2F 2-2: Foul Ball, location: 2F 2-2: Ball 3-2: Foul Ball, location: 2F 3-2: Foul Ball, location: 2F 3-2: SINGLE (Line Drive, 9S)
|
Batting: LHB Jorge Olvera
|
0-0: Ball 1-0: Bunt missed! 1-1: Ball 2-1: Bunted foul 2-2: Foul Ball, location: 2F 2-2: Grounds into double play, 4-6-3 (Groundball, 4)
|
Batting: LHB Ron Mayes
|
0-0: Ball 1-0: Foul Ball, location: 2F 1-1: Ball 2-1: Fly out, F8 (Flyball, 8RM)
|
Bottom of the 7th over - 0 run(s), 1 hit(s), 0 error(s), 0 left on base; Bismark 2 - Red Deer 1 |
TOP OF THE 8TH |
Bismark Border Guards batting - Pitching for Red Deer Wranglers : RHP Esteban Castro
|
Batting: LHB Jim Jensen
|
0-0: Foul Ball, location: 2F 0-1: Ball 1-1: Ball 2-1: Foul Ball, location: 2F 2-2: Ball 3-2: SINGLE (Line Drive, 8LS)
|
Pinch Runner at 1st Enrique Mendoza:
|
|
Batting: RHB Carlos MacKinney
|
Pickoff Throw to First - Error! E1 Enrique Mendoza to second 0-0: Ball Enrique Mendoza steals 3rd base 1-0: Called Strike 1-1: Foul Ball, location: 2F 1-2: Strikes out looking
|
Batting: RHB Mike Wright
|
0-0: Called Strike 0-1: Ball 1-1: Fly out, F3 (Popup, 4)
|
Batting: LHB Nelson Peña
|
0-0: Ball 1-0: Ball 2-0: Called Strike 2-1: Swinging Strike 2-2: Ball 3-2: Base on Balls
|
Batting: RHB José Cintrón
|
0-0: Ball 1-0: Ball 2-0: Swinging Strike 2-1: Foul Ball, location: 2F 2-2: Foul Ball, location: 2F 2-2: DOUBLE (Flyball, 78XD) Enrique Mendoza scores Nelson Peña to third
|
Pinch Hitting: LHB Rusty Herbert
|
0-0: Called Strike 0-1: Foul Ball, location: 2F 0-2: Ball 1-2: Ball 2-2: Ball 3-2: Base on Balls
|
Pinch Hitting: RHB Ramiro Ross
|
0-0: Called Strike 0-1: Swinging Strike 0-2: Ball 1-2: Ball 2-2: Foul Ball, location: 2F 2-2: Foul Ball, location: 2F 2-2: Foul Ball, location: 2F 2-2: Foul Ball, location: 2F 2-2: Strikes out looking
|
Top of the 8th over - 1 run(s), 2 hit(s), 1 error(s), 3 left on base; Bismark 3 - Red Deer 1 |
BOTTOM OF THE 8TH |
Red Deer Wranglers batting - Pitching for Bismark Border Guards : RHP Jaime Espinoza
|
Pitching: LHP Arturo Heredia
|
|
Now at 2B: Rusty Herbert
|
|
Now at 3B: Pedro Rodríguez
|
|
Now at SS: Ramiro Ross
|
|
Batting: RHB John McDonald
|
0-0: Called Strike 0-1: Called Strike 0-2: Strikes out swinging
|
Batting: LHB Enrico Vargas
|
0-0: Ball 1-0: Called Strike 1-1: Ball 2-1: Called Strike 2-2: Ball 3-2: Ground out 6-3 (Groundball, 6M)
|
Batting: RHB Oliver Harris
|
0-0: Reached on error, E6 (Groundball, 6)
|
Pitching: RHP Cody White
|
|
Batting: RHB Ignacio Flores
|
0-0: Called Strike 0-1: Ball 1-1: Foul Ball, location: 2F 1-2: Ground out 6-3 (Groundball, 6)
|
Bottom of the 8th over - 0 run(s), 0 hit(s), 1 error(s), 1 left on base; Bismark 3 - Red Deer 1 |
TOP OF THE 9TH |
Bismark Border Guards batting - Pitching for Red Deer Wranglers : RHP Esteban Castro
|
Pitching: RHP Tatsuzo Harada
|
|
Batting: LHB Juan Viera
|
0-0: Ball 1-0: Ball 2-0: Ball 3-0: Base on Balls
|
Batting: RHB José Gómez
|
0-0: Bunted foul 0-1: Bunted foul 0-2: Foul Ball, location: 2F 0-2: Ball 1-2: SINGLE (Groundball, 56) Juan Viera to second
|
Batting: RHB Pedro Rodríguez
|
0-0: Ball 1-0: Called Strike 1-1: Called Strike 1-2: DOUBLE (Groundball, 5L) Juan Viera scores José Gómez to third
|
Batting: RHB Carlos MacKinney
|
0-0: Called Strike 0-1: Ball 1-1: Ball 2-1: Ball 3-1: Base on Balls
|
Batting: RHB Mike Wright
|
0-0: Ball 1-0: Foul Ball, location: 2F 1-1: Foul Ball, location: 2F 1-2: Ball 2-2: Strikes out swinging
|
Batting: LHB Nelson Peña
|
0-0: Ball 1-0: DOUBLE (Line Drive, 9LM) José Gómez scores Pedro Rodríguez scores Carlos MacKinney to third
|
Pitching: RHP Ray Kimball
|
|
Batting: RHB José Cintrón
|
0-0: Ball 1-0: Ball 2-0: Called Strike 2-1: Called Strike 2-2: Foul Ball, location: 2F 2-2: Foul Ball, location: 2F 2-2: Ball 3-2: Foul Ball, location: 2F 3-2: SINGLE (Flyball, 78S) Carlos MacKinney scores Nelson Peña to third Runner from 3rd tries for Home, SAFE, no throw or cutoff
|
Batting: LHB Rusty Herbert
|
0-0: Ball 1-0: Foul Ball, location: 2F 1-1: Swinging Strike 1-2: Strikes out looking
|
Batting: RHB Ramiro Ross
|
0-0: Ball 1-0: Ground out 6-3 (Groundball, 6)
|
Top of the 9th over - 5 run(s), 4 hit(s), 0 error(s), 1 left on base; Bismark 8 - Red Deer 1 |
BOTTOM OF THE 9TH |
Red Deer Wranglers batting - Pitching for Bismark Border Guards : RHP Cody White
|
Batting: RHB Orlando Núñes
|
0-0: Ground out 5-3 (Groundball, 5L)
|
Batting: SHB José López
|
0-0: Ball 1-0: Ground out 3-1 (Groundball, 3L)
|
Pinch Hitting: RHB Todd Bryant
|
0-0: Ball 1-0: Foul Ball, location: 2F 1-1: Ball 2-1: Foul Ball, location: 2F 2-2: Ground out 6-3 (Groundball, 6)
|
Bottom of the 9th over - 0 run(s), 0 hit(s), 0 error(s), 0 left on base; Bismark 8 - Red Deer 1 |
|